 Dungeon Crawl Stone Soup version 0.30.0-20-g3615ddf2f0 (webtiles) character file.

Game seed: 18413800596771826280

1152 qw the Blocker (level 8, -4/48 HPs)
             Began as a Gargoyle Fighter on May 29, 2023.
             Slain by a vampire (9 damage)
             ... on level 5 of the Dungeon.
             The game lasted 00:02:10 (3726 turns).

qw the Blocker (Gargoyle Fighter)                   Turns: 3726, Time: 00:02:11

Health: -4/48      AC: 18    Str: 27    XL:     8   Next: 38%
Magic:  8/8        EV:  6    Int: 10    God:
Gold:   229        SH: 14    Dex:  9    Spells: 7/7 levels left

rFire   . . .        Y - +0 war axe (protect)
rCold   . . .        j - +0 tower shield
rNeg    + . .        k - +0 chain mail of Abstinence {Slay+3}
rPois   inf          (no helmet)
rElec   +            (no cloak)
rCorr   .            g - +0 pair of gloves
SInv    .            (no boots)
Will    .....        (no amulet) Stlth
                     o - +6 ring of strength
HPRegen 0.28/turn    (no ring)
MPRegen 0.11/turn

%: no passive effects
@: corroded, under a protective aura
A: sickness immunity, AC +5, negative energy resistance 1, electricity
resistance, torment resistance 1, petrification resistance
a: no special abilities


You were on level 5 of the Dungeon.
You visited 1 branch of the dungeon, and saw 5 of its levels.
You also visited: Sewer.

You collected 229 gold pieces.


Innate Abilities, Weirdness & Mutations

You are immune to sickness and miasma.
Your stone body is resilient. (AC +5)
You are immune to poison.
You resist negative energy. (rN+)
You are resistant to electric shocks. (rElec)
You are resistant to unholy torment.
You are immune to petrification.


   Skills:
 - Level 4.1 Fighting
 - Level 5.4 Axes
 - Level 1.4 Throwing
 - Level 3.2 Armour
 + Level 8.6 Shields


You had 7 spell levels left.
You didn't know any spells.
Your spell library was empty.

Inventory:

Hand Weapons
 l - a +2 flail of protection
 Y - a +0 war axe of protection (weapon)
Missiles
 c - 2 javelins
 p - 3 boomerangs (quivered)
Armour
 g - a +0 pair of gloves (worn)
 j - a +0 tower shield (worn)
 k - the +0 chain mail of Abstinence (worn) {Slay+3}
   (You found it on level 2 of the Dungeon)

   Slay:      It affects your accuracy & damage with ranged weapons and melee
   (+3).
Jewellery
 o - a +6 ring of strength (left hand)
Scrolls
 b - a scroll of identify
Potions
 a - a potion of resistance
 d - a potion of might
 e - a potion of magic {unknown}
 f - a potion of attraction
 h - a potion of haste
 q - a potion of flight {unknown}

Dungeon Overview and Level Annotations

Branches:
Dungeon (5/15)              Sewer (visited)
 Temple: D:4-7

Altars:
Cheibriados
Trog
Yredelemnul
Zin


Message History

The hound barely misses you.
You barely miss the jelly.
The jelly is severely wounded.
You hit the hound.
You kill the hound!
The jelly hits you but does no damage.
You slash the jelly!
You kill the jelly!
You hit the iguana but do no damage. The iguana barely misses you.
You block the iguana's attack.
You slash the iguana!
The iguana is almost dead.
You hit something but do no damage.
You block something's attack. x2; The iguana barely misses you.
You barely miss the iguana.
The iguana is almost dead.
You barely miss something. Something hits you. Something bites you.
You block the iguana's attack.
3720 ||| DRINKING potion of heal wounds.
You feel much better. Something hits you.
Something bites you but does no damage. The iguana barely misses you.
You slash the iguana!
You kill the iguana!
You barely miss something. Something hits you!
Something bites you but does no damage. Something hits you!
Something bites you but does no damage.
You hit something but do no damage. Something hits you.
Something bites you but does no damage.
You slash something! Something hits you.
Something bites you but does no damage. Something hits you but does no damage.
Something bites you.
You barely miss something. You block something's attack.
Something completely misses you.
You slash something! Something hits you.
Something bites you but does no damage. Something hits you but does no damage.
Something bites you!
You barely miss something. Something hits you!
You die...

#... #.##.##.# #...
#........ #... #.......#
#... #.##.##.# #...
#.#......
####...#########....##..
..............##...###..
......%............##...
......{@................
####..%#####.##.#..##.#.
#... #.##.##...... #...
#.##.....<.## #...
#.#####...... #...
#.#####.##### #...
#.......##### #...
#######....## #.##.##


There were no monsters in sight!

Vanquished Creatures
  Eustachio (D:4)
  Edmund (D:4)
  A water moccasin (D:4)
  A black bear (D:5)
  A scorpion (D:4)
  A howler monkey (D:5)
  A jelly (D:5)
  3 orc priests (D:3)
  A gnoll bouda (D:5)
  A hound (D:5)
  An orc wizard (D:3)
  4 iguanas
  A hell rat (Sewer)
  9 gnolls
  9 adders
  2 worms (D:2)
  4 dart slugs
  10 orcs
  10 ball pythons
  7 bats
  6 endoplasms
  6 giant cockroaches
  8 hobgoblins
  4 jackals (D:1)
  3 quokkas
  A frilled lizard (D:3)
  6 goblins
  5 kobolds
  12 rats
120 creatures vanquished.

Notes
Turn   | Place    | Note
-------+----------+-------------------------------------------
     0 | D:1      | qw the Gargoyle Fighter began the quest for the Orb.
     0 | D:1      | Reached XP level 1. HP: 14/14 MP: 1/1
     0 | D:1      | 0 ||| qw: Version: 0.2-a-101-gf424e7f
     0 | D:1      | 0 ||| qw: Game counter: 280
     0 | D:1      | 0 ||| qw: Always use a shield: true
     0 | D:1      | 0 ||| qw: God list: Okawaru
     0 | D:1      | 0 ||| qw: Allow faded altars: false
     0 | D:1      | 0 ||| qw: Do Orc after D:15 true
     0 | D:1      | 0 ||| qw: Do second Lair branch before Depths: true
     0 | D:1      | 0 ||| qw: Lair rune preference: random
     0 | D:1      | 0 ||| qw: Plans: Normal, Zot:1-4, Slime:5, God:TSO, Crypt,
                  | Tomb, Pan, Hells, Abyss, Win
     0 | D:1      | 0 ||| PLANNING D:1-11
    50 | D:1      | Found a faded altar of an unknown god.
   283 | D:1      | Reached XP level 2. HP: 19/19 MP: 2/2
   363 | D:1      | 363 ||| Stepping ~*~*~tactically~*~*~ (hiding).
   491 | D:1      | 491 ||| Stepping ~*~*~tactically~*~*~ (stealth).
   496 | D:1      | 496 ||| Stepping ~*~*~tactically~*~*~ (stealth).
   550 | D:1      | Reached skill level 3 in Axes
   605 | D:1      | Reached XP level 3. HP: 23/23 MP: 3/3
   863 | D:1      | 863 ||| READING scroll labelled BATOPNACIS.
   864 | D:1      | 864 ||| READING scroll labelled LARYRR GIRPHIKK.
   865 | D:1      | 865 ||| DRINKING 2 inky potions.
  1106 | D:2      | 1106 ||| Stepping ~*~*~tactically~*~*~ (hiding).
  1107 | D:2      | 1107 ||| Stepping ~*~*~tactically~*~*~ (hiding).
  1236 | D:2      | Identified the +0 chain mail of Abstinence {Slay+3}
  1542 | D:2      | 1542 ||| UPGRADING to +0 chain mail.
  1552 | D:2      | 1552 ||| DROPPING +0 scale mail.
  1553 | D:2      | 1553 ||| UPGRADING to +0 chain mail of Abstinence {Slay+3}.
  1563 | D:2      | 1563 ||| DROPPING +0 chain mail.
  1564 | D:2      | 1564 ||| READING scroll labelled UKHLEF NUEMOYT.
  1565 | D:2      | 1565 ||| READING scroll labelled PIOSCH MOMEPPOISH.
  1566 | D:2      | 1566 ||| READING scroll labelled KYCEECU EJUBIS.
  1567 | D:2      | 1567 ||| READING 3 scrolls labelled CISACO MEAJACE.
  1568 | D:2      | 1568 ||| DRINKING 2 amethyst potions.
  1569 | D:2      | 1569 ||| DROPPING 2 scrolls of magic mapping.
  1574 | D:3      | 1574 ||| PLANNING SEWER
  1671 | D:3      | Reached XP level 4. HP: 28/28 MP: 4/4
  1675 | D:3      | 1675 ||| Stepping ~*~*~tactically~*~*~ (stealth).
  1676 | D:3      | 1676 ||| Stepping ~*~*~tactically~*~*~ (stealth).
  1698 | D:3      | 1698 ||| Stepping ~*~*~tactically~*~*~ (stealth).
  1751 | D:3      | 1751 ||| Stepping ~*~*~tactically~*~*~ (hiding).
  1764 | D:3      | Reached XP level 5. HP: 28/32 MP: 5/5
  1796 | D:3      | Found a basalt altar of Yredelemnul.
  1796 | D:3      | Found a glowing silver altar of Zin.
  1796 | D:3      | Found a bloodstained altar of Trog.
  1797 | D:3      | 1797 ||| DROPPING +0 club.
  1851 | D:3      | 1851 ||| Stepping ~*~*~tactically~*~*~ (hiding).
  1927 | D:3      | 1927 ||| Stepping ~*~*~tactically~*~*~ (stealth).
  1934 | D:3      | Reached XP level 6. HP: 38/38 MP: 6/6
  1936 | D:3      | 1936 ||| Stepping ~*~*~tactically~*~*~ (stealth).
  1937 | D:3      | 1937 ||| Stepping ~*~*~tactically~*~*~ (stealth).
  2033 | D:3      | 2033 ||| Stepping ~*~*~tactically~*~*~ (hiding).
  2085 | D:3      | 2085 ||| Stepping ~*~*~tactically~*~*~ (stealth).
  2107 | D:3      | Found a glowing drain.
  2111 | D:3      | 2111 ||| DROPPING ring of wizardry.
  2112 | D:3      | 2112 ||| READING scroll labelled EGAXZO FOAPTY.
  2116 | D:3      | 2116 ||| READING scroll labelled XUR VUB VOLIU.
  2117 | D:3      | 2117 ||| READING 2 scrolls of identify.
  2117 | D:3      | 2117 ||| IDENTIFYING sedimented coppery potion
  2118 | D:3      | 2118 ||| DROPPING potion of invisibility.
  2167 | Sewer    | Entered a sewer
  2244 | D:3      | 2244 ||| PLANNING D:1-11
  2610 | D:3      | 2610 ||| UPGRADING to +0 pair of gloves.
  2615 | D:3      | 2615 ||| UPGRADING to +0 tower shield.
  2625 | D:3      | 2625 ||| DROPPING +0 buckler.
  2754 | D:4      | Found a snail-covered altar of Cheibriados.
  2873 | D:4      | Noticed Eustachio
  2897 | D:4      | Killed Eustachio
  2898 | D:4      | Reached skill level 5 in Shields
  2898 | D:4      | Reached XP level 7. HP: 43/43 MP: 7/7
  2945 | D:4      | 2945 ||| Stepping ~*~*~tactically~*~*~ (stealth).
  2949 | D:4      | 2949 ||| Stepping ~*~*~tactically~*~*~ (stealth).
  3010 | D:4      | 3010 ||| DROPPING +0 mace.
  3289 | D:4      | 3289 ||| UPGRADING to +6 ring of strength.
  3290 | D:4      | 3290 ||| READING scroll labelled HEKIFA NEQOSM.
  3291 | D:4      | 3291 ||| READING scroll labelled OVVAIH XUSCH.
  3292 | D:4      | 3292 ||| READING 3 scrolls of identify.
  3292 | D:4      | 3292 ||| IDENTIFYING puce potion
  3293 | D:4      | 3293 ||| READING 2 scrolls of identify.
  3293 | D:4      | 3293 ||| IDENTIFYING clear potion
  3308 | D:5      | Entered Level 5 of the Dungeon
  3308 | D:5      | Noticed Edmund
  3314 | D:5      | 3314 ||| STAIRDANCE
  3319 | D:4      | Reached skill level 6 in Shields
  3322 | D:4      | HP: 7/43 [Edmund/+2 flail of venom (4)]
  3323 | D:4      | 3323 ||| READING scroll of teleportation.
  3324 | D:4      | 3324 ||| DRINKING 2 potions of heal wounds.
  3384 | D:4      | Killed Edmund
  3385 | D:4      | Reached skill level 7 in Shields
  3390 | D:4      | 3390 ||| DROPPING +0 flail.
  3451 | D:5      | 3451 ||| Stepping ~*~*~tactically~*~*~ (hiding).
  3467 | D:5      | Reached XP level 8. HP: 30/48 MP: 8/8
  3589 | D:5      | 3589 ||| DROPPING +2 flail of venom.
  3710 | D:5      | Reached skill level 1 in Throwing
  3713 | D:5      | Noticed a vampire
  3714 | D:5      | Reached skill level 8 in Shields
  3719 | D:5      | HP: 11/48 [something (4)]
  3720 | D:5      | 3720 ||| DRINKING potion of heal wounds.
  3725 | D:5      | HP: 5/48 [something (9)]
  3726 | D:5      | Slain by a vampire

Levels and vault maps discovered:
D:1:      psy_arrival_conway, layout_basic,
          shapermc_ecumenical_altar_mp_urbaneastern
D:2:      layout_basic
D:3:      layout_loops_cross, chequers_temple_overflow_statue_of_worship,
          portal_sewer_entry_e, chequers_serial_rivers_micro_e
D:4:      layout_basic, mainiacjoe_overflow_cross_hatched, uniq_eustachio
D:5:      layout_loops_cross, hangedman_abyss_or_decor_stabs, uniq_edmund

Skill      XL: |  1  2  3  4  5  6  7  8 |
---------------+-------------------------+-----
Axes           | 2 3 4 5 |  5.4
Fighting       | 4 |  4.1
Shields        | 5 7 8 |  8.6
Throwing       | 1 |  1.4
Armour         | |  3.2

Action                     |  1- 3 |  4- 6 |  7- 9 || total
---------------------------+-------+-------+-------++-------
  Melee: War axe           |   108 |   140 |    96 ||   344
  Throw: Javelin           |       |     8 |     9 ||    17
         Boomerang         |       |       |     3 ||     3
    Use: Scroll            |     6 |     3 |     5 ||    14
         Potion            |     2 |       |     2 ||     4
 Armour: Scale mail        |    50 |       |       ||    50
         Chain mail        |     5 |    66 |    87 ||   158
  Dodge: Dodged            |    35 |    41 |    44 ||   120
  Block: Buckler           |    18 |    20 |       ||    38
         Tower shield      |       |    14 |   110 ||   124

Table legend:
 A = Non-vault XP
 B = Vault XP
 C = Vault XP percentage of total XP
 D = Non-vault monster count
 E = Vault monster count
 F = Vault count percentage of total count
                 A         B        C        D         E       F
            +---------+---------+-------+---------+---------+-------
      Total |    1233 |     413 |  25.1 |     104 |      16 |  13.3
            +---------+---------+-------+---------+---------+-------
        D:1 |      46 |       0 |   0.0 |      26 |       0 |   0.0
        D:2 |      32 |       0 |   0.0 |      13 |       0 |   0.0
        D:3 |     259 |      14 |   5.1 |      30 |       8 |  21.1
        D:4 |     399 |     361 |  47.5 |      18 |       2 |  10.0
        D:5 |     497 |       0 |   0.0 |      17 |       0 |   0.0
      Sewer |       0 |      38 | 100.0 |       0 |       6 | 100.0
            +---------+---------+-------+---------+---------+-------
